 Dungeon Crawl Stone Soup version 0.31-a0-986-g5e6e4ef867 (webtiles) character file.

Game seed: 11180419415295596907

19 chakani the Digger (level 2, 0/15 HPs)
             Began as a Gargoyle Earth Elementalist on Nov 10, 2023.
             Killed by nerve-wracking pain
             ... invoked by Jessica
              (5 damage)
             ... on level 2 of the Dungeon.
             The game lasted 00:01:48 (1412 turns).

chakani the Digger (Gargoyle Earth Elementalist)    Turns: 1412, Time: 00:01:49

Health: 0/15       AC:  4    Str: 11    XL:     2   Next: 75%
Magic:  3/5        EV: 11    Int: 15    God:
Gold:   62         SH:  0    Dex: 10    Spells: 2/5 levels left

rFire   . . .        (no weapon)
rCold   . . .        (no shield)
rNeg    + . .        a - +0 robe
rPois   ∞            (no helmet)
rElec   +            (no cloak)
rCorr   .            (no gloves)
SInv    .            (no boots)
Will    .....        (no amulet)
Stlth   ++           (no ring)
HPRegen 0.22/turn    (no ring)
MPRegen 0.09/turn

%: no passive effects
@: very slightly contaminated
A: sickness immunity, AC +2, negative energy resistance 1, electricity
resistance, torment resistance 1, petrification resistance
a: no special abilities


You were on level 2 of the Dungeon.
You visited 1 branch of the dungeon, and saw 2 of its levels.

You collected 62 gold pieces.

Inventory:

Hand Weapons
 d - a +0 short sword
Missiles
 c - 14 stones
Armour
 a - a +0 robe (worn)
Scrolls
 e - a scroll of teleportation {unknown}
 f - 2 scrolls of enchant armour {unknown}
Potions
 b - a potion of magic
 g - 2 potions of cancellation {unknown}
 h - 3 potions of attraction {unknown}


   Skills:
 - Level 1.5 Dodging
 - Level 2.1 Stealth
 - Level 2.0 Spellcasting
 - Level 0.7 Transmutations
 + Level 4.8 Earth Magic


You had 2 spell levels left.
You knew the following spells:

 Your Spells              Type           Power      Damage    Failure   Level
a - Sandblast             Erth           30%        2d9       3%          1
b - Passwall              Tmut/Erth      7%         N/A       11%         2

Your spell library contained the following spells:

 Spells                   Type           Power      Damage    Failure   Level
 Stone Arrow              Conj/Erth      16%        3d8       26%         3
 Petrify                  Tmut/Erth      9%         N/A       56%         4
 Brom's Barrelling Bould  Conj/Erth      8%         2d3       63%         4


Dungeon Overview and Level Annotations

Branches:
Dungeon (2/15)

Altars:

Annotations:
D:2 Jessica


Innate Abilities, Weirdness & Mutations

You are immune to sickness and miasma.
Your stone body is resilient. (AC +2)
You are immune to poison.
You resist negative energy. (rN+)
You are resistant to electric shocks. (rElec)
You are resistant to unholy torment.
You are immune to petrification.


Message History

The hobgoblin is almost dead.
The hobgoblin closely misses you.
You hit the hobgoblin.
You kill the hobgoblin!
You hit the adder but do no damage. The adder barely misses you.
The adder bites you.
You closely miss the adder.
Jessica very coldly says, "I hate your company."
The adder bites you.
Jessica casts a spell.
Jessica blinks!
You hit the adder.
The adder is lightly wounded.
The adder bites you.
You closely miss the adder.
The adder is lightly wounded.
The adder bites you but does no damage.
Jessica looks very angry.
Jessica hits you with a +0 club.
* * * LOW HITPOINT WARNING * * *
The adder barely misses you.
Jessica points at you and mumbles some strange words.
You barely resist. Jessica attacks as she pursues you!
Jessica barely misses you. Jessica misses you.
Casting: Sandblast (safe; 3% risk of failure)
Confirm with . or Enter, or press ? or * to list all spells.
Aiming: Passwall (safe; 11% risk of failure)
Press: ? - help, Dir - move target A rock wall.
You miscast Passwall.
You are very lightly contaminated with residual magic.
Nothing appears to happen.
Jessica barely misses you.
Unknown command.
Jessica barely misses you. x2
Jessica gestures at you while chanting. You resist with some effort.
Jessica points at you and mumbles some strange words.
Pain shoots through your body!
You die...

......#...
......#..
......(.#
#.###
#J..#
###S####
#.@..###
##.....##
#..@...#
#......#
##.....#
####'##
#.# #.###
#...#
###.#
######'###


You could see an adder, Jessica (fast) and an endoplasm.

Vanquished Creatures
  A dart slug (D:1)
  A ball python (D:1)
  An endoplasm (D:1)
  2 giant cockroaches
  3 hobgoblins
  A quokka (D:1)
  A bat (D:1)
  A frilled lizard (D:2)
  2 kobolds (D:1)
  4 rats
17 creatures vanquished.

Notes
Turn   | Place    | Note
-------+----------+-------------------------------------------
     0 | D:1      | chakani the Gargoyle Earth Elementalist began the quest for
                  | the Orb.
     0 | D:1      | Reached XP level 1. HP: 10/10 MP: 3/3
   493 | D:1      | Reached skill level 4 in Earth Magic
   551 | D:1      | Reached XP level 2. HP: 11/15 MP: 1/5
  1303 | D:2      | Learned a level 2 spell: Passwall
  1390 | D:2      | Noticed Jessica
  1412 | D:2      | Killed from afar by Jessica

Illustrated notes

Levels and vault maps discovered:
D:1:      dpeg_arrival_round_c, layout_loops_corners, solitary_fountain
D:2:      layout_basic, roderic_serpentine_path, uniq_jessica

Skill      XL: |  1 |
---------------+----+-----
Earth Magic    | 4 |  4.8
Dodging        | |  1.5
Stealth        | |  2.1
Spellcasting   | |  2.0
Transmutations | |  0.7

Action                     || total
---------------------------++-------
  Melee: Unarmed           ||    80
   Cast: Sandblast         ||    19
 Armour: Robe              ||    69
  Dodge: Dodged            ||    64

Table legend: (Time is in decaauts)
 A = Elapsed time spent in this place.
 B = Non-inter-level travel time spent in this place.
 C = Inter-level travel time spent in this place.
 D = Time resting spent in this place.
 E = Time spent auto-exploring this place.
 F = Levels seen in this place.
 G = Mean time per level.
                   A        B        C        D        E       F      G
               +--------+--------+--------+--------+--------+-----+--------+
         Total |   1421 |   1404 |     17 |    134 |   1052 |   2 |  710.5 |
       Dungeon |   1421 |   1404 |     17 |    134 |   1052 |   2 |  710.5 |
               +--------+--------+--------+--------+--------+-----+--------+

Top non-repeatable levels by time:
     D:1: 1235 daAuts
     D:2: 185 daAuts
